 Dungeon Crawl Stone Soup version 0.28.0-45-g0d030f2227 (webtiles) character file.

Game seed: 8147210230296029039

46 101zpm the Magician (level 3, -1/25 HPs)
             Began as a Djinni Ice Elementalist on Apr 12, 2022.
             Slain by a hound (2 damage)
             ... on level 3 of the Dungeon.
             The game lasted 00:04:43 (1812 turns).

101zpm the Magician (Djinni Ice Elementalist)       Turns: 1812, Time: 00:04:44

Health: -1/25      AC:  2    Str:  7    XL:     3   Next: 95%
Gold:   31         EV: 12    Int: 18    God:
                   SH:  0    Dex: 13

rFire   + + .      SeeInvis .   k - staff of cold
rCold   . . .      Faith    .   (no shield)
rNeg    . . .      Spirit   .   a - +0 robe
rPois   ∞          Reflect  .   (no helmet)
rElec   .          Harm     .   (no cloak)
rCorr   .          Rampage  .   (no gloves)
Will    .....                   (boots unavailable)
Stlth   ++........              (no amulet)
HPRegen 0.08/turn               (no ring)
MPRegen 0.00/turn               (no ring)

@: freezing walls, flying
A: sickness immunity, fire resistance 2, cold vulnerability 1, float, innate
caster, HP casting, extra vitality 1
a: no special abilities


You were on level 3 of the Dungeon.
You visited 1 branch of the dungeon, and saw 4 of its levels.

You collected 31 gold pieces.

Inventory:

Hand Weapons
 g - a +0 whip of electrocution
Armour
 a - a +0 robe (worn)
 c - a +0 buckler
Magical Staves
 k - a staff of cold (weapon)
Scrolls
 d - a scroll of holy word {unknown}
 f - a scroll of teleportation {unknown}
 h - a scroll of blinking {unknown}
 j - a scroll of amnesia {unknown}
Potions
 b - a potion of haste {unknown}
 e - 2 potions of curing {unknown}
 i - a potion of lignification {unknown}
 l - a potion of heal wounds {unknown}


   Skills:
 + Level 2.2 Dodging
 + Level 1.7 Stealth
 + Level 0.4 Unarmed Combat
 + Level 4.1 Spellcasting


You couldn't memorise any spells.
You knew the following spells:

 Your Spells              Type           Power      Damage    Failure   Level
a - Freeze                Ice            100%       1d11      2%          1
b - Frozen Ramparts       Ice            54%        1d7       9%          3
c - Ozocubu's Armour      Ice            27%        N/A       9%          3
d - Hailstorm             Conj/Ice       27%        3d7       26%         4
e - Slow                  Hex            72%        N/A       2%          1
Your spell library was empty.

Dungeon Overview and Level Annotations

Branches:
Dungeon (4/15)
 Temple: D:4-7

Altars:

Shops:
D:1 !

Annotations:
D:4 Menkaure


Innate Abilities, Weirdness & Mutations

You are immune to sickness and miasma.
You are immune to poison.
Your flesh is very heat resistant. (rF++)
You are vulnerable to cold. (rC-)
You float through the air rather than walking.
You learn spells naturally, not from books.
Your magical power is your life essence.
You have superior vitality. (+4 MHP)


Message History

Aim: a bat You feel a surge of power!
You freeze the bat!
You kill the bat!
* * * LOW HITPOINT WARNING * * *
You start resting.
You hear the slow rusting of a distant drain.
You start resting.
You hear the slow rusting of a distant drain.
You start resting.
You hear the slow rusting of a distant drain.
You start resting.
A hound comes into view.
A hound is nearby!
The hound barks!
The hound bites you.
Aiming: Freeze (safe; 2% risk of failure)
Press: ? - help, Q - select action, (/) - cycle Shift-Dir - straight line, f - hound
Aim: a hound You feel a surge of power!
You freeze the hound.
The hound is moderately wounded.
The hound closely misses you. The hound bites you.
Aiming: Freeze (safe; 2% risk of failure)
Press: ? - help, Q - select action, (/) - cycle Shift-Dir - straight line, f/p - hound
Aim: a hound (lightly wounded)
You feel a surge of power!
You freeze the hound.
The hound is heavily wounded.
* * * LOW HITPOINT WARNING * * *
The hound misses you.
Casting: Freeze (safe; 2% risk of failure)
Confirm with . or Enter, or press ? or * to list all spells.
The spell is quite dangerous to miscast (9% risk of failure)!
Continue anyway?
Casting: Frozen Ramparts (quite dangerous; 9% risk of failure)
Press: ? - help, Dir - look around, f - activate You feel a surge of power!
The walls around you are covered in ice.
* * * LOW HITPOINT WARNING * * *
The wall freezes the hound.
The hound bites you.
* * * LOW HITPOINT WARNING * * *
The wall freezes the hound.
The hound bites you.
You die...

..... .......
..... .......
.....## ......#
....... .......
.###...#.....##
.......>.......
...............
........##+#...
.......@# .
......#h#
......#..
..........
...........
.#.#..#.##+# #.
.#.# ....+


You could see a hound.

Vanquished Creatures
  An adder (D:4)
  3 ball pythons (D:1)
  7 endoplasms
  A giant cockroach (D:1)
  2 goblins (D:1)
  3 hobgoblins (D:1)
  2 jackals (D:1)
  2 quokkas (D:1)
  5 bats
  A frilled lizard (D:1)
  2 kobolds (D:1)
  2 rats (D:1)
31 creatures vanquished.

Notes
Turn   | Place    | Note
-------+----------+-------------------------------------------
     0 | D:1      | 101zpm the Djinni Ice Elementalist began the quest for the
                  | Orb.
     0 | D:1      | Reached XP level 1. HP: 15/15 MP: 0/0
   275 | D:1      | Reached XP level 2. HP: 19/21 MP: 0/0
   718 | D:1      | Reached XP level 3. HP: 24/25 MP: 0/0
   718 | D:1      | Learned a level 1 spell: Slow
   777 | D:1      | Found Irphinwy's Distillery.
  1565 | D:2      | You are sucked into a shaft and drop 2 floors!
  1575 | D:4      | Reached skill level 4 in Spellcasting
  1635 | D:4      | Noticed Menkaure
  1812 | D:3      | HP: 1/25 [hound (3)]
  1812 | D:3      | Slain by a hound

Illustrated notes

Levels and vault maps discovered:
D:1:      eino_arrival_druids_welcome, layout_basic, serial_shops, shop
D:2:      layout_rooms, hellmonk_ecumenical_altar_arch_garden
D:3:      layout_basic, portal_sewer_entry_f, nicolae_elevator_lobby_plus
D:4:      gammafunk_steamed_eel, layout_loops_corners, temple_statues,
          uniq_blork_the_orc, uniq_grinder, uniq_ijyb, uniq_menkaure

Skill      XL: |  1  2  3 |
---------------+----------+-----
Spellcasting   | 4 |  4.1
Dodging        | |  2.2
Stealth        | |  1.7
Unarmed Combat | |  0.4

Action                   || total
-------------------------++-------
Melee: Unarmed           ||     1
       Whip              ||    20
       Staff             ||     2
       Punch             ||     1
 Cast: Freeze            ||    31
       Frozen Ramparts   ||     4
       Ozocubu's Armour  ||     1
 Stab: Sleeping          ||     1
Armor: Robe              ||     7
Dodge: Dodged            ||    42
